 Dungeon Crawl Stone Soup version 0.31-a0-232-gb1c03b2570 (webtiles) character file.

Game seed: 10505868936149960625

175 qw the Shooter (level 5, -3/31 HPs)
             Began as a Gargoyle Hexslinger on July 6, 2023.
             Slain by a gnoll
             ... wielding a +0 whip
             ... led by a gnoll bouda
              (6 damage)
             ... on level 3 of the Dungeon.
             The game lasted 00:00:54 (2004 turns).

qw the Shooter (Gargoyle Hexslinger)                Turns: 2004, Time: 00:00:55

Health: -3/31      AC: 12    Str: 11    XL:     5   Next: 55%
Magic:  6/6        EV: 10    Int: 14    God:
Gold:   86         SH:  0    Dex: 14    Spells: 5/6 levels left

rFire   . . .        Y - +1 sling
rCold   . . .        (no shield)
rNeg    + . .        h - +0 ring mail
rPois   inf          (no helmet)
rElec   +            (no cloak)
rCorr   .            e - +0 pair of gloves
SInv    .            j - +1 pair of boots of Qazlal's Scorn {rElec rPois Slay+3 Stlth-}
Will    .....        (no amulet) Stlth
                     (no ring)
HPRegen 0.25/turn    (no ring)
MPRegen 0.10/turn

%: no passive effects
@: no status effects
A: sickness immunity, AC +4, negative energy resistance 1, electricity
resistance, torment resistance 1, petrification resistance
a: no special abilities


You were on level 3 of the Dungeon.
You visited 1 branch of the dungeon, and saw 3 of its levels.

You collected 86 gold pieces.


Innate Abilities, Weirdness & Mutations

You are immune to sickness and miasma.
Your stone body is resilient. (AC +4)
You are immune to poison.
You resist negative energy. (rN+)
You are resistant to electric shocks. (rElec)
You are resistant to unholy torment.
You are immune to petrification.


   Skills:
 + Level 2.5 Fighting
 - Level 5.0 Ranged Weapons
 - Level 1.0 Armour
 - Level 1.5 Dodging
 - Level 1.0 Spellcasting
 - Level 2.6 Hexes


You had 5 spell levels left.
You knew the following spells:

 Your Spells              Type           Power      Damage    Failure   Level
a - Slow                  Hex            32%        N/A       21%         1

Your spell library contained the following spells:

 Spells                   Type           Power      Damage    Failure   Level
 Inner Flame              Hex/Fire       4%         N/A       71%         3
 Portal Projectile        Hex/Tloc       8%         N/A       71%         3
 Cause Fear               Hex            4%         N/A       90%         4

Inventory:

Hand Weapons
 Y - a +1 sling (weapon)
Armour
 e - a +0 pair of gloves (worn)
 h - a +0 ring mail (worn)
 j - the +1 pair of boots of Qazlal's Scorn (worn) {rElec rPois Slay+3 Stlth-}
   (You found it on level 2 of the Dungeon)

   Slay:      It affects your accuracy & damage with ranged weapons and melee
   (+3).
   rElec:     It insulates you from electricity.
   rPois:     It protects you from poison.
   Stlth:     It makes you less stealthy.
Scrolls
 a - a scroll of identify
Potions
 c - a potion of mutation {unknown}
 f - a potion of resistance
 g - a potion of haste {unknown}
 i - a potion of cancellation {unknown}

Dungeon Overview and Level Annotations

Branches:
Dungeon (3/15)

Altars:

Shops:
D:1 :

Portals:
Sewer: D:3


Message History

The gnoll bouda calls upon its god to heal the gnoll.
The gnoll is healed somewhat.
You shoot a sling bullet.
The sling bullet closely misses the gnoll bouda.
The sling bullet hits the gnoll.
The gnoll is severely wounded.
The gnoll hits you but does no damage.
The gnoll bouda barks out a call to the hunt!
The gnoll picks up the pace!
The worm bites you but does no damage. The gnoll hits you but does no damage.
You shoot a sling bullet. The sling bullet hits the gnoll bouda.
The gnoll bouda is moderately wounded.
Your attacks no longer feel as feeble.
The gnoll barely misses you.
The gnoll bouda calls upon its god to heal the gnoll.
The gnoll is healed somewhat.
The gnoll splashes around in the water.
The worm closely misses you. The gnoll hits you with a +0 club.
You shoot a sling bullet. The sling bullet hits the gnoll bouda.
The gnoll bouda is heavily wounded.
The gnoll bouda calls upon its god to heal the gnoll.
The gnoll's wounds heal themselves!
The gnoll hits you but does no damage. The gnoll closely misses you.
The gnoll hits you with a +0 whip.
The gnoll bouda hits you with a +0 whip!
You shoot a sling bullet. The sling bullet hits the gnoll bouda.
The gnoll bouda is heavily wounded.
The gnoll hits you but does no damage. x2
The worm bites you but does no damage. The gnoll barely misses you.
The gnoll splashes around in the water.
You shoot a sling bullet.
The sling bullet barely misses the gnoll bouda.
The gnoll hits you but does no damage. The gnoll closely misses you.
The gnoll bouda hits you but does no damage.
The worm bites you.
The gnoll splashes around in the water.
You shoot a sling bullet. The sling bullet hits the gnoll bouda.
The gnoll bouda is almost dead.
The gnoll splashes around in the water.
The gnoll closely misses you.
The gnoll bouda hits you with a +0 whip.
The gnoll barely misses you. The gnoll completely misses you.
The worm bites you. The gnoll hits you with a +0 whip.
You die...

#.#.#.#.# ##.##.#.#.#.#
...)...#.#.#
####..#.....#.#
.............####
#~~~~g##..?.##.. ..
.##~~~~g##..#.##.# #.#
.~~...%.~~.##.##.# ...
.~~...g@~~.##..#.## ##.#
..~..\wgg~.###....# ...
.~~...~.~~.# ##..## #.#
.~~.....~~....#...####.#
.##~~~~~##.##.#.#.......
#~~~~~##.# #.#..###.#
~.......... #.#...##.#
...........# ..#.#....#
....... ..# #.#.##.>..


You could see a gnoll bouda, a worm and 4 gnolls.

Vanquished Creatures
  Ijyb (D:3)
  An orc wizard (D:3)
  Terence (D:1)
  A gnoll (D:3)
  4 adders
  A dart slug (D:2)
  8 orcs
  5 bats
  4 endoplasms (D:1)
  2 giant cockroaches (D:1)
  2 goblins
  5 hobgoblins
  4 ball pythons
  6 kobolds
  5 rats (D:1)
50 creatures vanquished.

Notes
Turn   | Place    | Note
-------+----------+-------------------------------------------
     0 | D:1      | qw the Gargoyle Hexslinger began the quest for the Orb.
     0 | D:1      | Reached XP level 1. HP: 12/12 MP: 2/2
     0 | D:1      | 0 ||| qw: Version: 0.3-a-46-gb1f654a
     0 | D:1      | 0 ||| qw: Game counter: 2126
     0 | D:1      | 0 ||| qw: Melee chars always use a shield: true
     0 | D:1      | 0 ||| qw: God list: Okawaru
     0 | D:1      | 0 ||| qw: Allow faded altars: false
     0 | D:1      | 0 ||| qw: Do Orc after clearing Dungeon:15 true
     0 | D:1      | 0 ||| qw: Do second Lair branch before Depths: true
     0 | D:1      | 0 ||| qw: Lair rune preference: random
     0 | D:1      | 0 ||| qw: Goals: Normal
     0 | D:1      | 0 ||| PLANNING D:1-11
   175 | D:1      | Reached XP level 2. HP: 16/16 MP: 3/3
   230 | D:1      | Reached skill level 3 in Ranged Weapons
   230 | D:1      | HP: 3/16 [hobgoblin (3)]
   347 | D:1      | Found Coyfip Ida's Vocational Training.
   769 | D:1      | 769 ||| UPGRADING to +0 ring mail.
   779 | D:1      | 779 ||| DROPPING +0 robe.
   780 | D:1      | 780 ||| READING 3 scrolls labelled KAAQIA HAPSAX.
   781 | D:1      | 781 ||| READING 2 scrolls labelled YSHUTIBRAH.
   786 | D:1      | 786 ||| READING scroll labelled HONULUMAUZ.
   787 | D:1      | 787 ||| READING scroll labelled RIRULLO RAIM.
   888 | D:1      | 888 ||| READING 2 scrolls of identify.
   888 | D:1      | 888 ||| IDENTIFYING red potion
   889 | D:1      | 889 ||| DROPPING scroll of poison.
   894 | D:2      | Noticed Terence
   907 | D:2      | Reached XP level 3. HP: 16/21 MP: 4/4
   907 | D:2      | 907 ||| STAIRDANCE
   921 | D:1      | HP: 3/21 [Terence/+0 short sword (3)]
   922 | D:1      | 922 ||| READING scroll of teleportation.
  1015 | D:1      | Killed Terence
  1131 | D:2      | Reached XP level 4. HP: 22/26 MP: 5/5
  1241 | D:2      | Reached skill level 4 in Ranged Weapons
  1437 | D:2      | Found a faded altar of an unknown god.
  1549 | D:2      | Identified the +1 pair of boots of Qazlal's Scorn {rElec
                  | rPois Slay+3 Stlth-}
  1673 | D:2      | 1673 ||| UPGRADING to +0 pair of gloves.
  1678 | D:2      | 1678 ||| UPGRADING to +1 pair of boots of Qazlal's Scorn
                  | {rElec rPois Slay+3 Stlth-}.
  1683 | D:2      | 1683 ||| READING scroll labelled POCUDA VUOWIT.
  1684 | D:2      | 1684 ||| READING 2 scrolls of identify.
  1684 | D:2      | 1684 ||| IDENTIFYING glowing cyan potion
  1703 | D:3      | 1703 ||| PLANNING SEWER
  1706 | D:3      | Reached skill level 1 in Armour
  1732 | D:3      | Reached XP level 5. HP: 21/30 MP: 6/6
  1738 | D:3      | 1738 ||| FLEEEEING.
  1739 | D:3      | 1739 ||| FLEEEEING.
  1740 | D:3      | 1740 ||| STAIRDANCE
  1904 | D:3      | Noticed Ijyb
  1929 | D:3      | HP: 6/30 [Ijyb/+0 dagger of venom (4)]
  1930 | D:3      | 1930 ||| DRINKING potion of heal wounds.
  1932 | D:3      | Killed Ijyb
  1933 | D:3      | Reached skill level 5 in Ranged Weapons
  1962 | D:3      | Found a glowing drain.
  1964 | D:3      | 1964 ||| READING 2 scrolls labelled YXZEOSK EHEGO.
  1965 | D:3      | 1965 ||| DROPPING scroll of amnesia.
  1972 | D:3      | 1972 ||| Stepping ~*~*~tactically~*~*~ (water).
  1981 | D:3      | 1981 ||| Stepping ~*~*~tactically~*~*~ (water).
  1985 | D:3      | 1985 ||| Stepping ~*~*~tactically~*~*~ (water).
  2004 | D:3      | HP: 6/31 [gnoll bouda/+0 whip (3)]
  2004 | D:3      | Slain by a gnoll

Levels and vault maps discovered:
D:1:      nzn_arrival_water_spiral, layout_basic, nicolae_shop_vocational
D:2:      layout_basic, hellmonk_ecumenical_altar_defaced_shrine, st_stairs_2,
          uniq_terence
D:3:      layout_basic, cheibrodos_sewer_entry_sluice, uniq_ijyb,
          uniq_crazy_yiuf_cottage, uniq_grinder

Skill      XL: |  1  2  3  4  5 |
---------------+----------------+-----
Ranged Weapons | 3 4 5 |  5.0
Fighting       | 2 |  2.5
Armour         | 1 |  1.0
Dodging        | |  1.5
Spellcasting   | |  1.0
Hexes          | |  2.6

Action                     |  1- 3 |  4- 6 || total
---------------------------+-------+-------++-------
   Fire: Sling             |   107 |   119 ||   226
    Use: Scroll            |     6 |     3 ||     9
         Potion            |       |     1 ||     1
 Armour: Robe              |     5 |       ||     5
         Ring mail         |    28 |    33 ||    61
  Dodge: Dodged            |    48 |    48 ||    96

Table legend:
 A = Non-vault XP
 B = Vault XP
 C = Vault XP percentage of total XP
 D = Non-vault monster count
 E = Vault monster count
 F = Vault count percentage of total count
                 A         B        C        D         E       F
            +---------+---------+-------+---------+---------+-------
      Total |     155 |      96 |  38.2 |      40 |      10 |  20.0
            +---------+---------+-------+---------+---------+-------
        D:1 |      33 |      32 |  49.2 |      21 |       1 |   4.5
        D:2 |      30 |      23 |  43.4 |      10 |       5 |  33.3
        D:3 |      92 |      41 |  30.8 |       9 |       4 |  30.8
            +---------+---------+-------+---------+---------+-------
